TOP OF THE 1ST |
Bradenton Marauders batting - Pitching for Dunedin Blue Jays : RHP Dan Korte
|
Pitching: RHP Dan Korte
|
|
Batting: LHB Joe Hoover
|
0-0: Bunt missed! 0-1: Ball 1-1: Ball 2-1: Called Strike 2-2: Strikes out swinging
|
Batting: LHB Carlos Vega
|
0-0: Swinging Strike 0-1: Fly out, F9 (Flyball, 9D, EV 97.5 MPH)
|
Batting: RHB Zach Chmieleski
|
0-0: Ball 1-0: Ground out 6-3 (Groundball, 56D, EV 99.4 MPH)
|
Top of the 1st over - 0 runs, 0 hits, 0 errors, 0 left on base; Bradenton 0 - Dunedin 0 |
BOTTOM OF THE 1ST |
Dunedin Blue Jays batting - Pitching for Bradenton Marauders : RHP Matt Decker
|
Pitching: RHP Matt Decker
|
|
Batting: RHB Tokuji Kawabata
|
0-0: Called Strike 0-1: Swinging Strike 0-2: Ball 1-2: Ball 2-2: SINGLE (Groundball, 6M, EV 106.2 MPH) (infield hit)
|
Batting: RHB Justin Geiger
|
0-0: Called Strike Tokuji Kawabata steals 2nd base 0-1: DOUBLE (Line Drive, 78D, EV 108.1 MPH) Tokuji Kawabata scores
|
Batting: RHB Bill Murray
|
0-0: Ball 1-0: Ground out 6-3 (Groundball, 6, EV 93.1 MPH) Justin Geiger to third
|
Batting: RHB Taylor Peavey
|
0-0: Ball 1-0: Called Strike 1-1: Ball 2-1: SINGLE (Groundball, 25, EV 75.6 MPH) (infield hit)
|
Batting: RHB Norm Mercer
|
0-0: Fielders Choice at 2nd, 4-6 (Groundball, 34, EV 86.9 MPH) Justin Geiger scores
|
Batting: LHB Roger Escareno
|
0-0: SINGLE (Line Drive, 6D, EV 101.2 MPH) Norm Mercer to second Runner from 2nd tries for 3rd, SAFE after rundown.
|
Batting: RHB Kyle Davis
|
0-0: Called Strike Roger Escareno steals 2nd, throwing error, E2 Norm Mercer scores Roger Escareno to third 0-1: Foul Ball, location: 2F 0-2: Ball 1-2: Strikes out swinging
|
Bottom of the 1st over - 3 runs, 4 hits, 1 error, 1 left on base; Bradenton 0 - Dunedin 3 |
TOP OF THE 2ND |
Bradenton Marauders batting - Pitching for Dunedin Blue Jays : RHP Dan Korte
|
Batting: RHB Ron Corn
|
0-0: Ball 1-0: Ball 2-0: Foul Ball, location: 2F 2-1: Foul Ball, location: 2F 2-2: Strikes out swinging
|
Batting: LHB Brandon Sarni
|
0-0: Called Strike 0-1: Called Strike 0-2: Foul Ball, location: 2F 0-2: Ball 1-2: Foul Ball, location: 2F 1-2: Ball 2-2: Ball 3-2: Foul Ball, location: 2F 3-2: Ground out 4-3 (Groundball, 4, EV 103.1 MPH)
|
Batting: RHB John Goynes
|
0-0: Ball 1-0: Swinging Strike 1-1: Ground out 5-3 (Groundball, 56S, EV 75.6 MPH)
|
Top of the 2nd over - 0 runs, 0 hits, 0 errors, 0 left on base; Bradenton 0 - Dunedin 3 |
BOTTOM OF THE 2ND |
Dunedin Blue Jays batting - Pitching for Bradenton Marauders : RHP Matt Decker
|
Batting: SHB Dominik Hasek II
|
0-0: SINGLE (Groundball, 4MD, EV 97.5 MPH)
|
Batting: LHB Frank Nelson
|
0-0: Swinging Strike 0-1: Called Strike Dominik Hasek II steals 2nd base 0-2: Strikes out swinging
|
Batting: RHB Tokuji Kawabata
|
0-0: Called Strike 0-1: Ball 1-1: Foul Ball, location: 2F 1-2: Fly out, F9 (Flyball, 9, EV 78.8 MPH)
|
Batting: RHB Justin Geiger
|
0-0: Ball 1-0: Ball 2-0: SINGLE (Groundball, 56D, EV 94.4 MPH) Dominik Hasek II to third Runner from 3rd tries for Home, throw by LF and OUT! 7-2
|
Bottom of the 2nd over - 0 runs, 2 hits, 0 errors, 1 left on base; Bradenton 0 - Dunedin 3 |
TOP OF THE 3RD |
Bradenton Marauders batting - Pitching for Dunedin Blue Jays : RHP Dan Korte
|
Batting: RHB Alain Marquet
|
0-0: Ball 1-0: SINGLE (Groundball, 56D, EV 98.8 MPH)
|
Batting: RHB Keiji Nakajima
|
0-0: DOUBLE (Line Drive, 78XD, EV 103.8 MPH) Alain Marquet to third
|
Batting: SHB Juan Ayala
|
0-0: Ball 1-0: Ball 2-0: Swinging Strike 2-1: Foul Ball, location: 2F 2-2: Ball 3-2: Fly out, F8 (Flyball, 78S, EV 91.9 MPH)
|
Batting: LHB Joe Hoover
|
0-0: DOUBLE (Line Drive, 9LS, EV 94.4 MPH) Alain Marquet scores Keiji Nakajima scores
|
Batting: LHB Carlos Vega
|
0-0: Ball 1-0: Fly out, F6 (Popup, P, EV 76.2 MPH)
|
Batting: RHB Zach Chmieleski
|
0-0: Ball 1-0: Called Strike 1-1: Foul Ball, location: 2F 1-2: Strikes out looking
|
Top of the 3rd over - 2 runs, 3 hits, 0 errors, 1 left on base; Bradenton 2 - Dunedin 3 |
BOTTOM OF THE 3RD |
Dunedin Blue Jays batting - Pitching for Bradenton Marauders : RHP Matt Decker
|
Batting: RHB Bill Murray
|
0-0: Ball 1-0: Ball 2-0: Ground out 5-3 (Groundball, 56, EV 83.1 MPH)
|
Batting: RHB Taylor Peavey
|
0-0: Ball 1-0: Ground out 4-3 (Groundball, 4, EV 88.1 MPH)
|
Batting: RHB Norm Mercer
|
0-0: Ball 1-0: Foul Ball, location: 2F 1-1: SINGLE (Groundball, 25, EV 70.6 MPH) (infield hit)
|
Batting: LHB Roger Escareno
|
0-0: Ball 1-0: Called Strike Norm Mercer steals 2nd base 1-1: Called Strike 1-2: Foul Ball, location: 2F 1-2: Strikes out swinging
|
Bottom of the 3rd over - 0 runs, 1 hit, 0 errors, 1 left on base; Bradenton 2 - Dunedin 3 |
TOP OF THE 4TH |
Bradenton Marauders batting - Pitching for Dunedin Blue Jays : RHP Dan Korte
|
Batting: RHB Ron Corn
|
0-0: Ball 1-0: Called Strike 1-1: Fly out, F7 (Flyball, 7S, EV 77.5 MPH)
|
Batting: LHB Brandon Sarni
|
0-0: Foul Ball, location: 2F 0-1: Ball 1-1: Foul Ball, location: 2F 1-2: Ball 2-2: Ball 3-2: Strikes out swinging
|
Batting: RHB John Goynes
|
0-0: Called Strike 0-1: Foul Ball, location: 2F 0-2: Foul Ball, location: 2F 0-2: Ball 1-2: Foul Ball, location: 2F 1-2: Strikes out swinging
|
Top of the 4th over - 0 runs, 0 hits, 0 errors, 0 left on base; Bradenton 2 - Dunedin 3 |
BOTTOM OF THE 4TH |
Dunedin Blue Jays batting - Pitching for Bradenton Marauders : RHP Matt Decker
|
Batting: RHB Kyle Davis
|
0-0: Ball 1-0: Foul Ball, location: 2F 1-1: Ball 2-1: Swinging Strike 2-2: Ball 3-2: Strikes out swinging
|
Batting: SHB Dominik Hasek II
|
0-0: Ball 1-0: Ball 2-0: Ground out 4-3 (Groundball, 4, EV 82.5 MPH)
|
Batting: LHB Frank Nelson
|
0-0: Reached on error, E5 (Groundball, 5, EV 76.9 MPH)
|
Batting: RHB Tokuji Kawabata
|
0-0: Swinging Strike 0-1: Foul Ball, location: 2F 0-2: Foul Ball, location: 2F 0-2: Strikes out swinging
|
Bottom of the 4th over - 0 runs, 0 hits, 1 error, 1 left on base; Bradenton 2 - Dunedin 3 |
TOP OF THE 5TH |
Bradenton Marauders batting - Pitching for Dunedin Blue Jays : RHP Dan Korte
|
Batting: RHB Alain Marquet
|
0-0: Ball 1-0: Called Strike 1-1: Foul Ball, location: 2F 1-2: Strikes out swinging
|
Batting: RHB Keiji Nakajima
|
0-0: Ball 1-0: SINGLE (Flyball, 5D, EV 95.0 MPH)
|
Batting: SHB Juan Ayala
|
0-0: Ball 1-0: Ball 2-0: Foul Ball, location: 2F 2-1: Called Strike 2-2: Foul Ball, location: 2F 2-2: Ball 3-2: Strikes out swinging Keiji Nakajima steals 2nd, throwing error, E2 Keiji Nakajima to third
|
Batting: LHB Joe Hoover
|
0-0: Called Strike 0-1: Foul Ball, location: 2F 0-2: Ball 1-2: Ball 2-2: Ball 3-2: Base on Balls
|
Batting: LHB Carlos Vega
|
0-0: Ball 1-0: Called Strike 1-1: Foul Ball, location: 2F 1-2: Ball 2-2: Ball 3-2: Strikes out looking
|
Top of the 5th over - 0 runs, 1 hit, 1 error, 2 left on base; Bradenton 2 - Dunedin 3 |
BOTTOM OF THE 5TH |
Dunedin Blue Jays batting - Pitching for Bradenton Marauders : RHP Matt Decker
|
Batting: RHB Justin Geiger
|
0-0: Called Strike 0-1: Foul Ball, location: 2F 0-2: Ball 1-2: Foul Ball, location: 2F 1-2: Ball 2-2: Strikes out looking
|
Batting: RHB Bill Murray
|
0-0: Called Strike 0-1: Ball 1-1: Ball 2-1: Ball 3-1: SINGLE (Flyball, 8RS, EV 89.4 MPH)
|
Batting: RHB Taylor Peavey
|
0-0: Ball Bill Murray steals 2nd, throwing error, E2 Bill Murray to third 1-0: SINGLE (Line Drive, 89M, EV 107.5 MPH) Bill Murray scores
|
Batting: RHB Norm Mercer
|
0-0: Ball 1-0: Fielders Choice at 2nd, 6-4 (Groundball, 56, EV 89.4 MPH)
|
Batting: LHB Roger Escareno
|
0-0: Ball 1-0: Ball 2-0: DOUBLE (Line Drive, 9LM, EV 101.2 MPH) Norm Mercer to third Runner from 3rd tries for Home, SAFE, throw by RF to home
|
Pitching: RHP Victor Medina
|
|
Batting: RHB Kyle Davis
|
0-0: Ball 1-0: Foul Ball, location: 2F 1-1: Ball 2-1: Ground out 6-3 (Groundball, 6, EV 101.9 MPH)
|
Bottom of the 5th over - 2 runs, 3 hits, 1 error, 1 left on base; Bradenton 2 - Dunedin 5 |
TOP OF THE 6TH |
Bradenton Marauders batting - Pitching for Dunedin Blue Jays : RHP Dan Korte
|
Batting: RHB Zach Chmieleski
|
0-0: Called Strike 0-1: Foul Ball, location: 2F 0-2: Fly out, F7 (Flyball, 78M, EV 83.8 MPH)
|
Batting: RHB Ron Corn
|
0-0: Called Strike 0-1: Called Strike 0-2: Ball 1-2: Ball 2-2: Ball 3-2: Ground out 4-3 (Groundball, 4, EV 89.4 MPH)
|
Batting: LHB Brandon Sarni
|
0-0: Ball 1-0: Called Strike 1-1: Ball 2-1: Ground out 4-3 (Groundball, 4, EV 79.4 MPH)
|
Top of the 6th over - 0 runs, 0 hits, 0 errors, 0 left on base; Bradenton 2 - Dunedin 5 |
BOTTOM OF THE 6TH |
Dunedin Blue Jays batting - Pitching for Bradenton Marauders : RHP Victor Medina
|
Batting: SHB Dominik Hasek II
|
0-0: SINGLE (Groundball, 23, EV 70.0 MPH) (infield hit)
|
Batting: LHB Frank Nelson
|
0-0: Called Strike 0-1: Called Strike Dominik Hasek II steals 2nd base 0-2: Ball 1-2: Ground out 4-3 (Groundball, 4, EV 87.5 MPH) Dominik Hasek II to third
|
Batting: RHB Tokuji Kawabata
|
0-0: Ball 1-0: Reached on error, E6 (Groundball, 56S, EV 83.8 MPH) Dominik Hasek II scores
|
Batting: RHB Justin Geiger
|
0-0: Swinging Strike 0-1: Ball 1-1: Called Strike Tokuji Kawabata steals 2nd base 1-2: Ball 2-2: Ball Wild Pitch! Tokuji Kawabata to third 3-2: Fly out, F8 (Flyball, 89M, EV 79.4 MPH) Runner from 3rd tags up, SCORES, throw by CF
|
Batting: RHB Bill Murray
|
0-0: Ball 1-0: Fly out, F9 (Flyball, 89S, EV 85.0 MPH)
|
Bottom of the 6th over - 2 runs, 1 hit, 1 error, 0 left on base; Bradenton 2 - Dunedin 7 |
TOP OF THE 7TH |
Bradenton Marauders batting - Pitching for Dunedin Blue Jays : RHP Dan Korte
|
Batting: RHB John Goynes
|
0-0: Called Strike 0-1: Ball 1-1: Ball 2-1: Swinging Strike 2-2: Strikes out swinging
|
Pitching: LHP Bryan Reynolds
|
|
Batting: RHB Alain Marquet
|
0-0: Called Strike 0-1: Foul Ball, location: 2F 0-2: Ball 1-2: Ball 2-2: Foul Ball, location: 2F 2-2: Strikes out looking
|
Batting: RHB Keiji Nakajima
|
0-0: DOUBLE (Line Drive, 89XD, EV 102.5 MPH)
|
Batting: SHB Juan Ayala
|
0-0: Fly out, F7 (Flyball, 7, EV 86.2 MPH)
|
Top of the 7th over - 0 runs, 1 hit, 0 errors, 1 left on base; Bradenton 2 - Dunedin 7 |
BOTTOM OF THE 7TH |
Dunedin Blue Jays batting - Pitching for Bradenton Marauders : RHP Victor Medina
|
Batting: RHB Taylor Peavey
|
0-0: Swinging Strike 0-1: Fly out, F8 (Flyball, 89M, EV 96.9 MPH)
|
Batting: RHB Norm Mercer
|
0-0: Foul Ball, location: 2F 0-1: Ground out U3 (Groundball, 3, EV 102.5 MPH)
|
Batting: LHB Roger Escareno
|
0-0: Ball 1-0: Ball 2-0: Called Strike 2-1: Ground out U3 (Groundball, 34, EV 104.4 MPH)
|
Bottom of the 7th over - 0 runs, 0 hits, 0 errors, 0 left on base; Bradenton 2 - Dunedin 7 |
TOP OF THE 8TH |
Bradenton Marauders batting - Pitching for Dunedin Blue Jays : LHP Bryan Reynolds
|
Batting: LHB Joe Hoover
|
0-0: SINGLE (Line Drive, 34D, EV 97.5 MPH)
|
Batting: LHB Carlos Vega
|
0-0: Called Strike 0-1: Called Strike 0-2: Foul Ball, location: 2F 0-2: Fielders Choice at 2nd, 5-4 (Groundball, 56S, EV 90.0 MPH)
|
Batting: RHB Zach Chmieleski
|
0-0: Ball Pickoff Throw to First - Out! 1-3 CS 1-0: Ball 2-0: Foul Ball, location: 2F 2-1: Called Strike 2-2: Hit by Pitch
|
Batting: RHB Ron Corn
|
0-0: Ball 1-0: Called Strike 1-1: Ball 2-1: Swinging Strike 2-2: Ball 3-2: SINGLE (Groundball, 34S, EV 63.8 MPH) (infield hit) Zach Chmieleski to second
|
Batting: LHB Brandon Sarni
|
0-0: Called Strike 0-1: Fly out, F1 (Line Drive, P, EV 66.2 MPH)
|
Top of the 8th over - 0 runs, 2 hits, 0 errors, 2 left on base; Bradenton 2 - Dunedin 7 |
BOTTOM OF THE 8TH |
Dunedin Blue Jays batting - Pitching for Bradenton Marauders : RHP Victor Medina
|
Batting: RHB Kyle Davis
|
0-0: Called Strike 0-1: Foul Ball, location: 2F 0-2: Foul Ball, location: 2F 0-2: Ball 1-2: SINGLE (Groundball, 56D, EV 95.0 MPH)
|
Batting: SHB Dominik Hasek II
|
0-0: Foul Ball, location: 2F 0-1: Called Strike 0-2: Strikes out swinging
|
Batting: LHB Frank Nelson
|
0-0: Called Strike 0-1: Ball Wild Pitch! Kyle Davis to second 1-1: Swinging Strike 1-2: Fly out, F7 (Flyball, 7, EV 93.8 MPH)
|
Batting: RHB Tokuji Kawabata
|
0-0: Called Strike 0-1: Ground out 6-3 (Groundball, 6, EV 83.8 MPH)
|
Bottom of the 8th over - 0 runs, 1 hit, 0 errors, 1 left on base; Bradenton 2 - Dunedin 7 |
TOP OF THE 9TH |
Bradenton Marauders batting - Pitching for Dunedin Blue Jays : LHP Bryan Reynolds
|
Batting: RHB John Goynes
|
0-0: Ball 1-0: Ball 2-0: SINGLE (Groundball, 56D, EV 101.2 MPH)
|
Batting: RHB Alain Marquet
|
0-0: Ball 1-0: Foul Ball, location: 2F 1-1: Ball 2-1: Foul Ball, location: 2F 2-2: DOUBLE (Line Drive, 5D, EV 95.6 MPH) John Goynes to third
|
Batting: RHB Keiji Nakajima
|
0-0: Ball 1-0: Ball 2-0: Called Strike 2-1: Ball 3-1: Foul Ball, location: 2F 3-2: Strikes out swinging
|
Pitching: RHP Joe Spencer
|
|
Pinch Hitting: RHB Freddy Quintero
|
0-0: Called Strike 0-1: Foul Ball, location: 2F 0-2: Strikes out swinging
|
Batting: LHB Joe Hoover
|
0-0: Foul Ball, location: 2F 0-1: Foul Ball, location: 2F 0-2: Ball 1-2: Strikes out looking
|
Top of the 9th over - 0 runs, 2 hits, 0 errors, 2 left on base; Bradenton 2 - Dunedin 7 |
|